 Dungeon Sprint DCSS version 0.20.1-1-g8b1a95d (webtiles) character file.

16 potatolord6000 the Caller (level 2, -15/15 HPs)
             Began as a Deep Elf Summoner on Aug 30, 2017.
             Was a Follower of Sif Muna.
             Demolished by a mummy priest (26 damage)
             ... in the Dungeon (Sprint V: "Ziggurat Sprint").
             The game lasted 00:02:21 (207 turns).

potatolord6000 the Caller (Deep Elf Summoner)        Turns: 207, Time: 00:02:22

Health: -15/15     AC:  2    Str:  5    XL:     2   Next: 41%
Magic:  14/16      EV: 15    Int: 37    God:    Sif Muna [*.....]
Gold:   0          SH:  0    Dex: 15    Spells: 10/11 levels left

rFire    . . .     SeeInvis .   q - +6 Majin-Bo {vamp, Archmagi MP+6 Int+6}
rCold    . . .     Gourm    .   (shield currently unavailable)
rNeg     . . .     Faith    .   a - +0 robe
rPois    .         Spirit   .   (no helmet)
rElec    .         Reflect  .   (no cloak)
rCorr    .         Harm     .   (no gloves)
MR       .....     NoTele   +   (no boots)
Stlth    ++........             (no amulet)
Regen    0.1/turn               l - +6 ring of intelligence
MPRegen  0.2/turn               m - +6 ring of intelligence

@: very slightly contaminated
A: no striking features
a: Divine Energy, Renounce Religion


You were in the Dungeon.
You worshipped Sif Muna.
Sif Muna was aware of your devotion.
You were not hungry.

You visited 1 branch

Inventory:

Hand Weapons
 q - the +6 Majin-Bo (weapon) {vamp, Archmagi MP+6 Int+6}
   (You found it in the Dungeon)

   It inflicts no extra harm, but heals its wielder when it wounds a living foe.
   It affects your intelligence (+6).
   It affects your magic capacity (+6).
Armour
 a - a +0 robe (worn)
Jewellery
 l - a +6 ring of intelligence (left hand)
 m - a +6 ring of intelligence (right hand)
Wands
 k - a wand of disintegration (5/24)
 n - a wand of iceblast (5/15)
 o - a wand of lightning (4/15)
 p - a wand of acid (2/15)
Scrolls
 i - 2 scrolls of blinking
 t - 4 scrolls of amnesia
 u - 3 scrolls of recharging
 v - 7 scrolls of fog
 w - a scroll of holy word
 x - 5 scrolls of identify
 y - 5 scrolls of remove curse
 z - 2 scrolls of fear
Potions
 d - 10 potions of curing
 e - 10 potions of heal wounds
 f - 6 potions of haste
 g - 7 potions of magic
 h - 3 potions of berserk rage
 A - 2 potions of brilliance
 B - 2 potions of invisibility
 C - 4 potions of resistance
 E - 5 potions of agility
 F - 5 potions of might
Books
 b - a book of Callings

   Spells                             Type                      Level
   a - Summon Small Mammal            Summoning                    1
   b - Call Imp                       Summoning                    2
   c - Call Canine Familiar           Summoning                    3
   d - Summon Guardian Golem          Hexes/Summoning              3
   e - Summon Lightning Spire         Summoning/Air                4
   f - Summon Ice Beast               Ice/Summoning                4
Miscellaneous
 j - a crystal ball of energy
Comestibles
 c - 42 fruits
 r - 4 bread rations
 s - 4 meat rations


   Skills:
 + Level 3.0 Staves
 + Level 4.8 Dodging
 - Level 2.4 Stealth
 + Level 5.4 Spellcasting
 + Level 5.8 Summonings
 + Level 3.4 Evocations


You had 10 spell levels left.
You knew the following spells:

 Your Spells              Type           Power        Failure   Level  Hunger
a - Summon Small Mammal   Summ           ####         1%          1    None


Dungeon Overview and Level Annotations

Branches:
Dungeon (1/1)

Altars:
Ashenzari
Cheibriados
Dithmenos
Elyvilon
Fedhas
Gozag
Hepliaklqana
Kikubaaqudgha
Makhleb
Nemelex Xobeh
Okawaru
Qazlal
Ru
Sif Muna
Trog
Uskayaw
Vehumet
Xom
Yredelemnul
Zin
The Shining One
Beogh
Jiyva
Lugonu

Annotations:
D 1 transporter


Message History

As you read the scroll of blinking, it crumbles to dust.
The wight closely misses you.
Evoke which item? (* to show all) (? for menu, Esc to quit)
Aiming: Corrosive Bolt
Press: ? - help, Shift-Dir - straight line, f - mummy priest
Aim: a mummy priest (moderately damaged)
The bolt of acid misses the mummy priest.
This wand has 2 charges left.
Your quokka barely misses the guardian mummy. x2
The wight barely misses you.
Unknown command.
Evoke which item? (* to show all) (? for menu, Esc to quit)
Aiming: Disintegrate
Press: ? - help, Shift-Dir - straight line, f/p - mummy priest
Aim: a mummy priest (moderately damaged, chance to defeat MR: 6%)
The mummy priest resists with almost no effort.
This wand has 5 charges left.
The wraith misses you. The mummy priest hits you!!
Ouch! That really hurt!
You die...

▓▓▓▓▓▓▓▓▓▓▓▓▓
▓.8©8.▓.8©8.▓
▓.)MW@▓.....▓
▓.r..M▓.).|.▓
▓..z..▓.....▓
▓.....▓.....▓
▓.....▓.....▓
▓.....▓▓▓▓▓▓▓
▓▓▓▓▓▓▓


You could see a mummy priest, a guardian mummy, a wraith, a wight and a friendly
quokka.

Vanquished Creatures
  A white imp (D)
  A bat zombie (D)
2 creatures vanquished.

Vanquished Creatures (collateral kills)
  A bat zombie (D)
1 creature vanquished.

Grand Total: 3 creatures vanquished

Notes
Turn   | Place    | Note
-------+----------+-------------------------------------------
     0 | D        | potatolord6000 the Deep Elf Summoner began the quest for the Orb.
     0 | D        | Reached XP level 1. HP: 10/10 MP: 6/6
     0 | D        | Found a deep blue altar of Sif Muna.
     0 | D        | Found a bloodstained altar of Trog.
     0 | D        | Found a sacrificial altar of Ru.
     0 | D        | Found a stormy altar of Qazlal.
     0 | D        | Found an iron altar of Okawaru.
     3 | D        | Found a sparkling altar of Nemelex Xobeh.
     4 | D        | Found an ancient bone altar of Kikubaaqudgha.
     4 | D        | Found a corrupted altar of Lugonu.
     4 | D        | Found a transporter.
     4 | D        | Found a burning altar of Makhleb.
     4 | D        | Found a viscous altar of Jiyva.
     4 | D        | Found a hazy altar of Hepliaklqana.
    32 | D        | Found an opulent altar of Gozag.
    33 | D        | Found a blossoming altar of Fedhas.
    85 | D        | Became a worshipper of Sif Muna the Loreminder
    91 | D        | Reached skill level 5 in Spellcasting
    91 | D        | Reached skill level 5 in Summonings
    91 | D        | Reached XP level 2. HP: 15/15 MP: 10/10
   115 | D        | Entered arena 2.
   115 | D        | Found a transporter.
   195 | D        | Entered arena 3.
   195 | D        | Noticed a guardian mummy
   195 | D        | Noticed a mummy priest
   195 | D        | Found a transporter.
   197 | D        | Noticed a wraith
   197 | D        | Noticed a wight
   197 | D        | Reached * piety under Sif Muna
   207 | D        | Demolished by a mummy priest

Skill      XL: |  1  2 |
---------------+-------+-----
Staves         | 2 3 |  3.0
Dodging        | 4 |  4.8
Spellcasting   | 5 |  5.4
Summonings     | 5 |  5.8
Evocations     | 3 |  3.4
Stealth        | |  2.4

Action                   || total
-------------------------++-------
Melee: Quarterstaff      ||     2
 Cast: Summon Small Mamm ||     8
Evoke: Wand              ||     6
  Use: Potion            ||     1
       Scroll            ||     2
  Eat: Bread ration      ||     1
Armor: Robe              ||     1
Dodge: Dodged            ||    11
